 Dungeon Crawl Stone Soup version 0.21.1-1-g345015fe64 (webtiles) character file.

56 Gitz the Skirmisher (level 3, -4/29 HPs)
             Began as a Demonspawn Berserker on Apr 10, 2018.
             Was a Believer of Trog.
             Slain by a worm (8 damage)
             ... on level 2 of the Dungeon.
             The game lasted 00:02:50 (1065 turns).

Gitz the Skirmisher (Demonspawn Berserker)          Turns: 1065, Time: 00:02:52

Health: -4/29      AC:  5    Str: 18    XL:     3   Next: 69%
Magic:  3/3        EV: 12    Int:  8    God:    Trog [**....]
Gold:   55         SH:  0    Dex: 12    Spells: 2/2 levels left

rFire    . . .     SeeInvis .   a - +0 hand axe
rCold    . . .     Gourm    .   (no shield)
rNeg     . . .     Faith    .   j - +0 ring mail
rPois    .         Spirit   .   (no helmet)
rElec    .         Reflect  .   (no cloak)
rCorr    .         Harm     .   (no gloves)
MR       .....                  (no boots)
Stlth    ++........             (no amulet)
HPRegen  0.09/turn              (no ring)
MPRegen  0.08/turn              (no ring)

@: lethally poisoned (-4 -> -11)
A: nightstalker 1, sturdy frame 1
a: Berserk, Trog's Hand, Burn Spellbooks, Renounce Religion


You were on level 2 of the Dungeon.
You worshipped Trog.
Trog was pleased with you.
You were hungry.

You visited 1 branch of the dungeon, and saw 2 of its levels.

You collected 55 gold pieces.

Inventory:

Hand Weapons
 a - a +0 hand axe (weapon)
Armour
 j - a +0 ring mail (worn)
Scrolls
 b - a scroll of remove curse {unknown}
 d - 2 scrolls of identify {unknown}
 f - a scroll of enchant armour {unknown}
 h - a scroll of teleportation {unknown}
Potions
 e - a potion of degeneration {unknown}
 i - a potion of magic {unknown}
Comestibles
 c - 8 rations
 g - 13 chunks of flesh


   Skills:
 + Level 3.5 Fighting
 + Level 3.4 Axes
 + Level 2.0 Armour
 + Level 2.2 Dodging


You had 2 spell levels left.
You didn't know any spells.

Dungeon Overview and Level Annotations

Branches:
Dungeon (2/15)

Altars:


Innate Abilities, Weirdness & Mutations

You are slightly more attuned to the shadows.
Your movements are slightly less encumbered by armour. (ER -2)


Message History

The worm completely misses you.
You hit the worm.
The worm is severely wounded.
You hit the adder.
Your skin stops crawling.
You feel less resistant to hostile enchantments.
* * * LOW HITPOINT WARNING * * *
You feel sick.
The adder bites you but does no damage. x2
The worm closely misses you.
Okay, then.
You fail to use your ability.
* * * LOW HITPOINT WARNING * * *
You feel sick. The adder barely misses you.
Eat one of 14 chunks of flesh? (ye/n/q)
You eat one of the 14 chunks of flesh.
This raw flesh tastes terrible.
You are feeling hungry.
You recover from your berserk rage.
* * * LOW HITPOINT WARNING * * *
You feel sick. The adder misses you. The worm bites you!
You die...

#.# .....# ..#.....#
#.#.....#.... #.#.....#...
. #..........# ..
#########.##...#.. ...
####............###.###S...
..##.########.#...#.!......
#.##......###.@....!!# #
#.#######.#<..wS.###.# #.#
#.##......####....#..#...##
#.....##### ##>..#........
#......... ###...#......
###.....###. ##.........
......<..# .. #.........#
#####....# ... #.........#
.........##... #.........#


You could see a worm and an adder.

Vanquished Creatures
  2 worms (D:2)
  2 dart slugs (D:2)
  2 leopard geckos
  5 giant cockroaches
  4 goblins
  5 hobgoblins
  A quokka (D:2)
  6 bats
  3 frilled lizards (D:2)
  5 kobolds
  7 rats
42 creatures vanquished.

Notes
Turn   | Place    | Note
-------+----------+-------------------------------------------
     0 | D:1      | Gitz the Demonspawn Berserker began the quest for the Orb.
     0 | D:1      | Reached XP level 1. HP: 18/18 MP: 1/1
   269 | D:1      | Gained mutation: Your movements are slightly less encumbered by armour. (ER -2) [demonic ancestry]
   269 | D:1      | Reached XP level 2. HP: 24/24 MP: 2/2
   840 | D:2      | Gained mutation: You are slightly more attuned to the shadows. [demonic ancestry]
   840 | D:2      | Reached XP level 3. HP: 29/29 MP: 3/3
   953 | D:2      | Reached ** piety under Trog
  1065 | D:2      | Slain by a worm

Skill      XL: |  1  2 |
---------------+-------+-----
Axes           | 3 |  3.4
Armour         | 2 |  2.0
Dodging        | 2 |  2.2
Fighting       | |  3.5

Action                   || total
-------------------------++-------
Melee: Hand axe          ||   146
Invok: Berserk           ||     2
       Trog's Hand       ||     1
  Eat: Chunk             ||     2
Armor: Leather armour    ||    34
       Animal skin       ||     2
       Ring mail         ||    14
Dodge: Dodged            ||   131
